 Dungeon Crawl Stone Soup version 0.30-a0-329-g85436e0a43 (webtiles) character file.

Game seed: 9328137633552333109

6768 lunkers the Thaumaturge (level 11, -3/138 HPs)
             Began as a Meteoran Earth Elementalist on Oct 28, 2022.
             Was a Believer of Vehumet.
             Slain by Urug
             ... wielding a +4 double sword of electrocution
              (8 damage)
             ... on level 1 of the Lair of Beasts.
             The game lasted 00:10:47 (3583 turns).

lunkers the Thaumaturge (MeEE)                      Turns: 3583, Time: 00:10:48

Health: -3/138     AC: 10    Str: 19    XL:     11   Next: 48%
Magic:  11/26      EV: 18    Int: 25    God:    Vehumet [**....]
Gold:   178        SH:  0    Dex: 20    Spells: 21/31 levels left

rFire   + . .      SeeInvis .    j - +1 dagger (venom)
rCold   + . .      Faith    .    (no shield)
rNeg    . . .      Spirit   .    z - +4 robe of Augmentation {Str+4 Int+4 Dex+4}
rPois   .          Reflect  .    t - +2 helmet
rElec   .          Harm     .    q - scarf {rC+ rF+}
rCorr   .          Rampage  .    e - +0 pair of gloves
Will    +....                    (no boots)
Stlth   ..........               A - amulet of magic regeneration
HPRegen 0.43/turn                w - +6 ring of strength
MPRegen 0.60/turn                (no ring)

@: berserking, glowing, very quick
A: sense surroundings 2, otherworldly, glowing, explore regen
a: Renounce Religion


You were on level 1 of the Lair of Beasts.
You worshipped Vehumet.
Vehumet was pleased with you.
You visited 3 branches of the dungeon, and saw 10 of its levels.

You collected 355 gold pieces.
You spent 177 gold pieces at shops.

Inventory:

Hand Weapons
 c - a +4 spear of freezing
 j - a +1 dagger of venom (weapon)
 k - a +5 flail
 s - a +3 hand axe
 x - a +4 long sword
 E - a +1 long sword of freezing
Armour
 a - a +0 robe
 e - a +0 pair of gloves (worn)
 o - a +1 leather armour of cold resistance
 q - a scarf of resistance (worn)
 t - a +2 helmet (worn)
 y - a scarf of repulsion
 z - the +4 robe of Augmentation (worn) {Str+4 Int+4 Dex+4}
   (You found it on level 7 of the Dungeon)

   Str:       It affects your strength (+4).
   Int:       It affects your intelligence (+4).
   Dex:       It affects your dexterity (+4).
Magical Staves
 m - a staff of air
Jewellery
 w - a +6 ring of strength (left hand)
 A - an amulet of magic regeneration (around neck)
Wands
 C - a wand of flame (9)
Scrolls
 h - 2 scrolls of enchant weapon
 u - 2 scrolls of teleportation
 v - 2 scrolls of fog
Potions
 b - 2 potions of magic
 d - 4 potions of curing
 f - a potion of might
 g - a potion of flight
 l - a potion of mutation
 n - 3 potions of lignification
 p - 2 potions of attraction
 r - a potion of invisibility
 B - a potion of degeneration
 D - a potion of brilliance {unknown}
 F - a potion of cancellation {unknown}


   Skills:
 + Level 7.1 Fighting
 + Level 8.3 Dodging
 - Level 1.4 Stealth
 + Level 10.8 Spellcasting
 + Level 7.8 Conjurations
 - Level 1.2 Transmutations
 - Level 10.4 Earth Magic


You had 21 spell levels left.
You knew the following spells:

 Your Spells              Type           Power      Damage    Failure   Level
a - Stone Arrow           Conj/Erth      100%       3d13      1%          3
b - Passwall              Tmut/Erth      35%        N/A       1%          2
c - Sandblast             Erth           100%       2d20      1%          1
d - Petrify               Tmut/Erth      42%        N/A       4%          4

Your spell library contained the following spells:

 Spells                   Type           Power      Damage    Failure   Level
 Shock                    Conj/Air       100%       1d9       1%          1
 Static Discharge         Conj/Air       66%        2-5/arc   1%          2
 Slow                     Hex            52%        N/A       4%          1
 Ensorcelled Hibernation  Hex/Ice        26%        N/A       7%          2
 Confusing Touch          Hex            13%        N/A       14%         3
 Swiftness                Air            13%        N/A       14%         3
 Vampiric Draining        Necr           13%        2d6       14%         3
 Vhi's Electric Charge    Tloc/Air       26%        N/A       14%         3
 Arcjolt                  Conj/Air       16%        1d26      26%         5
 Lightning Bolt           Conj/Air       16%        1d30      26%         5


Dungeon Overview and Level Annotations

Branches:
Dungeon (8/15) Zot: 1489   Temple (1/1) D:6 Zot: 433    Lair (1/5) D:8 Zot: 352

Altars:
Ashenzari
Cheibriados
Dithmenos
Elyvilon
Fedhas
Gozag
Hepliaklqana
Kikubaaqudgha
Makhleb
Nemelex Xobeh
Okawaru
Qazlal
Ru
Trog
Uskayaw
Vehumet
Wu Jian
Xom
Yredelemnul
Zin
The Shining One

Shops:
D:7 *

Annotations:
D:6 3 runed translucent doors, NinjaNoafa's ghost, novice MiFi
Lair:1 Urug


Innate Abilities, Weirdness & Mutations

You passively map the area around you.
You are easily found by Zot.
You glow in the dark.
You regain HP and MP as you explore.


Message History

Urug throws a javelin.
The javelin pierces through you!!
* * * LOW HITPOINT WARNING * * *
Urug throws a javelin.
The javelin pierces through you!!
* * * LOW HITPOINT WARNING * * *
Urug zaps a wand.
Some rock shatters into small pieces.
Okay, then.
Urug stops moving altogether!
The helpless Urug fails to defend herself.
You hit Urug.
Urug is poisoned.
Urug is lightly wounded.
The helpless Urug fails to defend herself.
You hit Urug but do no damage.
Urug looks as sick as possible!
Urug is lightly wounded.
The helpless Urug fails to defend herself.
You hit Urug.
Urug is lightly wounded.
The helpless Urug fails to defend herself.
You hit Urug.
Urug is lightly wounded.
The helpless Urug fails to defend herself.
You hit Urug.
Urug is lightly wounded.
The helpless Urug fails to defend herself.
You hit Urug.
Urug looks as sick as possible!
Urug is lightly wounded.
The helpless Urug fails to defend herself.
You hit Urug.
Urug is lightly wounded.
A red film seems to cover your vision as you go berserk!
You feel yourself moving faster!
You feel mighty!
Urug is no longer petrified.
Urug hits you with a +4 double sword of electrocution!
* * * LOW HITPOINT WARNING * * *
You closely miss Urug.
Urug is moderately wounded.
You puncture Urug!
Urug is heavily wounded.
Urug hits you with a +4 double sword of electrocution!!
* * * LOW HITPOINT WARNING * * *
You are electrocuted!
You die...

, ..........#.......# ,,
,..................# , ,
...........#.....#.# *
.................#.# ,
.......(.........#.# ,
..........######..# ##
..................####. *
* .##+.#..##.............
, *
,#...o@..#............. *
* #.......#.............
,, *,* *
#.......#............. ,
,
,...#.#.###..............
, .......
................ *
######. ###..##########.
* ## #### ##


You could see Urug (extremely poisoned).

Vanquished Creatures
  A black mamba (Lair:1)
  A cane toad (Lair:1)
  Maggie (D:7)
  2 komodo dragons (Lair:1)
  Grinder (D:6)
  Sigmund (D:2)
  9 yaks (D:8)
  Eustachio (D:5)
  A basilisk (Lair:1)
  A steam dragon (D:8)
  Edmund (D:6)
  Menkaure (D:5)
  2 water moccasins
  An orc warrior (D:7)
  2 black bears
  2 sky beasts
  3 wolves (Lair:1)
  An ogre (D:5)
  3 phantoms
  Blork the orc (D:5)
  A kobold brigand (D:6)
  A gnoll sergeant (D:6)
  A bullfrog (D:6)
  5 scorpions
  A necrophage (D:5)
  9 wights
  7 howler monkeys
  2 hounds
  3 jellies
  2 orc priests (D:7)
  2 scorpion zombies (D:4)
  2 iguanas
  2 orc wizards (D:7)
  2 hound zombies (D:4)
  4 gnolls (D:6)
  8 adders
  A white imp (D:5)
  An ufetubus (D:4)
  4 adder zombies (D:4)
  A worm (D:3)
  2 dart slugs (D:3)
  27 orcs
  4 bats
  3 endoplasms
  A giant cockroach (D:2)
  5 goblins
  6 hobgoblins
  4 jackals (D:1)
  14 kobolds
  2 quokkas
  6 ball pythons (D:3)
  A frilled lizard (D:3)
  A jackal zombie (D:4)
  A rat (D:3)
172 creatures vanquished.

Vanquished Creatures (others)
  4 plants (Lair:1)
  A withered plant (D:4)
5 creatures vanquished.

Grand Total: 177 creatures vanquished

Notes
Turn   | Place    | Note
-------+----------+-------------------------------------------
     0 | D:1      | lunkers the Meteoran Earth Elementalist began the quest for
                  | the Orb.
     0 | D:1      | Reached XP level 1. HP: 14/14 MP: 5/5
    49 | D:1      | Reached XP level 2. HP: 18/20 MP: 0/6
   190 | D:1      | Reached XP level 3. HP: 26/26 MP: 6/8
   388 | D:2      | Noticed Sigmund
   396 | D:2      | Killed Sigmund
   397 | D:2      | Reached XP level 4. HP: 9/33 MP: 3/11
   397 | D:2      | Reached XP level 5. HP: 11/38 MP: 3/12
   397 | D:2      | Reached XP level 6. HP: 13/45 MP: 3/13
   530 | D:3      | Found a faded altar of an unknown god.
  1033 | D:4      | Reached skill level 5 in Spellcasting
  1036 | D:4      | Learned a level 2 spell: Passwall
  1040 | D:4      | Learned a level 3 spell: Stone Arrow
  1055 | D:4      | Noticed a black bear
  1060 | D:4      | Killed a black bear
  1061 | D:4      | Reached XP level 7. HP: 41/50 MP: 7/16
  1182 | D:4      | Reached XP level 8. HP: 57/57 MP: 15/18
  1244 | D:4      | Found a blossoming altar of Fedhas.
  1280 | D:5      | Entered Level 5 of the Dungeon
  1294 | D:5      | Noticed Blork the orc
  1300 | D:5      | Killed Blork the orc
  1422 | D:5      | Reached skill level 10 in Earth Magic
  1440 | D:5      | Noticed Menkaure
  1443 | D:5      | Killed Menkaure
  1444 | D:5      | Gained mutation: You passively map the area around you.
                  | [Meteoran growth]
  1444 | D:5      | Reached XP level 9. HP: 60/62 MP: 19/21
  1452 | D:5      | Learned a level 4 spell: Petrify
  1573 | D:5      | Reached skill level 1 in Fighting
  1573 | D:5      | Reached skill level 1 in Conjurations
  1705 | D:5      | Noticed Eustachio
  1715 | D:5      | Killed Eustachio
  1852 | D:6      | Found a staircase to the Ecumenical Temple.
  1868 | Temple   | Entered the Ecumenical Temple
  2003 | Temple   | Became a worshipper of Vehumet
  2072 | D:6      | Found a runed translucent gate.
  2074 | D:6      | Found a runed translucent gate.
  2074 | D:6      | Noticed NinjaNoafa's ghost (novice MiFi)
  2075 | D:6      | Found a runed translucent gate.
  2077 | D:6      | Noticed a manticore
  2299 | D:6      | Noticed Edmund
  2304 | D:6      | Killed Edmund
  2305 | D:6      | Noticed Grinder
  2306 | D:6      | Paralysed by Grinder for 4 turns
  2311 | D:6      | Killed Grinder
  2312 | D:6      | Reached XP level 10. HP: 77/77 MP: 11/23
  2347 | D:6      | Reached skill level 5 in Dodging
  2372 | D:7      | Reached * piety under Vehumet
  2372 | D:7      | Offered knowledge of Magic Dart by Vehumet.
  2449 | D:7      | Found the +4 robe of Augmentation {Str+4 Int+4 Dex+4}
  2539 | D:7      | Noticed Maggie
  2543 | D:7      | Killed Maggie
  2544 | D:7      | Reached skill level 5 in Conjurations
  2546 | D:7      | Found a bloodstained altar of Trog.
  2616 | D:7      | Reached skill level 5 in Fighting
  2803 | D:7      | Found Unimnaw's Assorted Antiques.
  2808 | D:7      | Bought a lumpy sapphire amulet for 150 gold pieces
  2813 | D:7      | Bought a fizzy silvery potion for 27 gold pieces
  3062 | D:8      | Reached ** piety under Vehumet
  3066 | D:8      | Offered knowledge of Shock by Vehumet.
  3076 | D:8      | Reached skill level 10 in Spellcasting
  3076 | D:8      | Reached XP level 11. HP: 36/89 MP: 7/26
  3322 | D:8      | Found a staircase to the Lair.
  3337 | Lair:1   | Entered Level 1 of the Lair of Beasts
  3417 | Lair:1   | Noticed a black mamba
  3419 | Lair:1   | Killed a black mamba
  3561 | Lair:1   | Noticed Urug
  3583 | Lair:1   | HP: 5/138 [Urug/+4 double sword of electrocution (22)]
  3583 | Lair:1   | Slain by Urug

Illustrated notes

Levels and vault maps discovered:
D:1:      lemuel_arrival_muddy, layout_loops_ring, supply_closet_lemuel
D:2:      layout_basic, uniq_sigmund
D:3:      layout_loops_ring, nicolae_ecumenical_snake_handling
D:4:      layout_cave_pools, kennysheep_mini, nicolae_sif_muna_little_library,
          serial_undead, serial_undead_e, serial_undead_c, serial_undead_d,
          serial_undead_c, uniq_pikel
D:5:      layout_loops_ring, kennysheep_flooded_box, uniq_blork_the_orc,
          uniq_menkaure, uniq_eustachio
D:6:      layout_layer_cave, minmay_temple_entry_slanted, gammafunk_ghost_split,
          hangedman_decor_growths, uniq_grinder, uniq_edmund
D:7:      layout_loops_ring, trog_hazing_becter, serial_shops,
          nicolae_shop_temple_entry_statues_fountains, uniq_maggie
D:8:      minmay_four_partial_circles, layout_loops_ring, lair_entry_dummy,
          grunt_ministairs_1, small_statue_alley_b, minmay_misc_feat_chi
Temple:   nicolae_temple_bog_church
Lair:1:   beast_lair_carwin_large_2, layout_chaotic_city, uniq_urug

Skill      XL: |  1  2  3  4  5  6  7  8  9 10 11 |
---------------+----------------------------------+-----
Earth Magic    | 4 6 7 8 10 | 10.4
Spellcasting   | 3 4 5 6 7 8 10 | 10.8
Fighting       | 3 5 7 |  7.1
Conjurations   | 4 6 7 |  7.8
Dodging        | 4 7 8 |  8.3
Stealth        | |  1.4
Transmutations | |  1.2

Action                   |  1- 3 |  4- 6 |  7- 9 | 10-12 || total
-------------------------+-------+-------+-------+-------++-------
Melee: Dagger            |       |     1 |       |    10 ||    11
 Cast: Sandblast         |    32 |    47 |    99 |    77 ||   255
       Stone Arrow       |       |       |    12 |    59 ||    71
       Petrify           |       |       |       |    10 ||    10
  Use: Scroll            |       |       |    10 |     8 ||    18
       Potion            |       |       |       |     1 ||     1
 Stab: Petrified         |       |       |       |     7 ||     7
Armor: Robe              |     1 |     1 |    13 |    23 ||    38
       Leather armour    |       |       |     4 |    33 ||    37
Dodge: Dodged            |     2 |     9 |    31 |    70 ||   112

Table legend: (Time is in decaauts)
 A = Elapsed time spent in this place.
 B = Non-inter-level travel time spent in this place.
 C = Inter-level travel time spent in this place.
 D = Time resting spent in this place.
 E = Time spent auto-exploring this place.
 F = Levels seen in this place.
 G = Mean time per level.
                   A        B        C        D        E       F      G
               +--------+--------+--------+--------+--------+-----+--------+
         Total |   3724 |   3601 |    123 |      0 |   2405 |  10 |  372.4 |
       Dungeon |   3310 |   3209 |    101 |      0 |   2160 |   8 |  413.8 |
        Temple |    166 |    144 |     22 |      0 |    121 |   1 |  166.0 |
          Lair |    247 |    247 |      0 |      0 |    123 |   1 |  247.0 |
               +--------+--------+--------+--------+--------+-----+--------+

Top non-repeatable levels by time:
     D:3: 561 daAuts
     D:7: 532 daAuts
     D:5: 498 daAuts
     D:6: 475 daAuts
     D:8: 466 daAuts
     D:4: 280 daAuts
     D:2: 253 daAuts
  Lair:1: 247 daAuts
     D:1: 242 daAuts
  Temple: 166 daAuts
